 Dungeon Crawl Stone Soup version 0.17-a0-1716-gdf19ebb (console) character file.

72 Monkaria the Scratcher (level 4, 21/21 HPs)
             Began as a Felid Berserker on Aug 24, 2015.
             Was a Believer of Trog.
             Quit the game on level 2 of the Dungeon.
             The game lasted 00:02:41 (2417 turns).

Monkaria the Scratcher (Felid Berserker)            Turns: 2417, Time: 00:02:42

Health: 21/21      AC:  1    Str: 14    XL:     4   Next: 6%
Magic:  5/5        EV: 18    Int: 14    God:    Trog [**....]
Gold:   64         SH:  0    Dex: 15    Spells: 0 memorised, 3 levels left
                                        Lives:  0   Deaths: 1

rFire  . . .     SeeInvis +       - Unarmed
rCold  . . .     Clarity  .     (armour unavailable)
rNeg   . . .     SustAt   .     (shield unavailable)
rPois  .         Gourm    .     (helmet unavailable)
rElec  .         Spirit   .     (cloak unavailable)
rCorr  .         Warding  .     (gloves unavailable)
rMut   .         Stasis   .     (boots unavailable)
MR     .....                    f - amulet of faith
Stlth  ++........               (no ring)
                                e - +6 ring of intelligence

@: drained, quick, not resistant to hostile enchantments, unstealthy
A: no armour, no weapons or thrown items, claws 1, fangs 3, see invisible,
carnivore 3, speed 1, shaggy fur 1, slow metabolism 1, sharp paws
a: Burn Spellbooks, Berserk, Trog's Hand, Renounce Religion


You were on level 2 of the Dungeon.
You worshipped Trog.
Trog was pleased with you.
You were not hungry.

You visited 1 branch of the dungeon, and saw 2 of its levels.

You collected 64 gold pieces.

Inventory:

Jewellery
 e - a +6 ring of intelligence (left paw)
 f - an amulet of faith (around neck)
 g - an uncursed ring of sustain attributes {unknown}
Scrolls
 b - 2 scrolls of identify {unknown}
 d - a scroll of enchant weapon {unknown}
Comestibles
 a - a meat ration
 c - a beef jerky


   Skills:
 - Level 3.0(2.5) Fighting
 - Level 4.0(3.5) Dodging
 + Level 5.5(5.0) Unarmed Combat


You had 3 spell levels left.
You didn't know any spells.

Dungeon Overview and Level Annotations

Branches:
Dungeon (2/15)

Altars:


Innate Abilities, Weirdness & Mutations

You cannot wear armour.
You are incapable of wielding weapons or throwing items.
You have sharp claws.
You have razor-sharp teeth.
You have supernaturally acute eyesight.
You are carnivorous and can eat meat at any time.
You cover ground quickly.
You are covered in fur (AC +1).
You have a slow metabolism.
Your sharp claws are effective at attacking unaware monsters.


Message History

Things that are here:
a halberd; a gnoll corpse You butcher the gnoll corpse.
h - a chunk of flesh
Things that are here:
a halberd; a gnoll skeleton Eat a chunk of flesh? (ye/n/q/i?) This raw flesh tastes great.
You continue eating. x2
Eat which item? (? for menu, Esc to quit)
Okay, then.
(D) Dungeon
Where to? (Enter - D:2 @ (x,y), ? - help)
You feel less exhausted.
There is a stone staircase leading down here.
You start resting.
HP restored.
You start waiting.
Done waiting.
Are you sure you want to abandon this character and quit the game? (Confirm with "yes".)

#.#.#.# #.#.#.#
#.#.#.# ##)#.#.#
#....#.# ##.#.#)#
#.#.#.####
#.#.#<...#
##.#@####.#
#############....#
#.#
[....(...........#
#.#
######.#####..#..#
#.# #####)..##
#.###.# #.#
.>.......# #).#..#
#.# #####...##
##...## #.# ##.##
###.# #.# #.# #.#
#.#


There were no monsters in sight!

Vanquished Creatures
  2 adders (D:2)
  4 gnolls (D:2)
  An ooze (D:1)
  3 worms (D:2)
  5 giant geckos
  2 giant cockroaches
  5 goblins
  4 hobgoblins
  9 bats
  4 giant newts
  5 kobolds
  4 rats
48 creatures vanquished.

Notes
Turn   | Place    | Note
--------------------------------------------------------------
     0 | D:1      | Monkaria the Felid Berserker began the quest for the Orb.
     0 | D:1      | Reached XP level 1. HP: 10/10 MP: 2/2
   250 | D:1      | Reached XP level 2. HP: 14/14 MP: 3/3
   886 | D:2      | Reached XP level 3. HP: 13/17 MP: 4/4
  1345 | D:2      | Acquired Trog's second power
  1683 | D:2      | Reached XP level 4. HP: 16/21 MP: 5/5
  1704 | D:2      | Reached skill level 5 in Unarmed Combat
  2139 | D:2      | Slain by a gnoll
  2140 | D:2      | Reached XP level 3. HP: -2/17 MP: 4/4
  2280 | D:2      | Reached XP level 4. HP: 18/21 MP: 5/5
  2417 | D:2      | Quit the game

Vault maps used:
D:1:      dpeg_arrival_line_fractal
D:2:      first_bread, kennysheep_small_spiral

Action                   |  1- 3 |  4- 6 || total
-------------------------+-------+-------++-------
Melee: Unarmed           |   134 |    19 ||   153
Invok: Berserk           |     2 |     2 ||     4
       Trog's Hand       |     1 |     1 ||     2
 Stab: Sleeping          |     4 |       ||     4
  Eat: Chunk             |     8 |     5 ||    13
